 Dungeon Crawl Stone Soup version 0.27-a0-1065-ge809cff456 (webtiles) character file.

Game seed: 352915455941516188

22 seba5609 the Magician (level 2, -2/21 HPs)
             Began as a Djinni Enchanter on Apr 24, 2021.
             Slain by a quokka (3 damage)
             ... on level 2 of the Dungeon.
             The game lasted 00:02:34 (1327 turns).

seba5609 the Magician (Djinni Enchanter)            Turns: 1327, Time: 00:02:34

Health: -2/21      AC:  2    Str:  7    XL:     2   Next: 91%
Gold:   58         EV: 12    Int: 16    God:
                   SH:  0    Dex: 13

rFire    + + .     SeeInvis .   a - +1 dagger
rCold    x . .     Faith    .   (no shield)
rNeg     . . .     Spirit   .   b - +0 robe
rPois    ∞         Reflect  .   (no helmet)
rElec    .         Harm     .   (no cloak)
rCorr    .         Rampage  .   (no gloves)
Will     .....                  (boots unavailable)
Stlth    ++........             (no amulet)
HPRegen  0.07/turn              (no ring)
MPRegen  0.00/turn              (no ring)

@: flying
A: fire resistance 2, cold vulnerability 1, float, innate caster, hp casting,
extra vitality 1
a: no special abilities


You were on level 2 of the Dungeon.
You visited 1 branch of the dungeon, and saw 2 of its levels.

You collected 58 gold pieces.

Inventory:

Hand Weapons
 a - a +1 dagger (weapon)
Armour
 b - a +0 robe (worn)
Jewellery
 c - an amulet of faith
Scrolls
 d - 2 scrolls of enchant armour {unknown}
 e - 2 scrolls of teleportation {unknown}
 f - a scroll of immolation {unknown}


   Skills:
 + Level 1.3 Short Blades
 + Level 2.6 Dodging
 + Level 2.7 Stealth
 + Level 2.9 Spellcasting


You couldn't memorise any spells.
You knew the following spells:

 Your Spells              Type           Power      Damage    Failure   Level
a - Corona                Hex            12%        N/A       5%          1
b - Ensorcelled Hibernat  Hex/Ice        22%        N/A       9%          2
c - Confusing Touch       Hex            11%        N/A       17%         3
d - Tukima's Dance        Hex            11%        N/A       17%         3
e - Dazzling Flash        Conj/Hex       22%        N/A       17%         3
Your spell library was empty.

Dungeon Overview and Level Annotations

Branches:
Dungeon (2/15)

Altars:


Innate Abilities, Weirdness & Mutations

You are immune to poison.
Your flesh is very heat resistant. (rF++)
You are vulnerable to cold. (rC-)
You float through the air rather than walking.
You learn spells naturally, not from books.
Your magical power is your life essence.
You have superior vitality. (+4 HP)


Message History

The hobgoblin hits you with a +0 dagger.
You hit the hobgoblin.
The hobgoblin is moderately wounded.
The hobgoblin hits you with a +0 dagger.
Casting: Ensorcelled Hibernation (safe; 9% risk of failure)
Confirm with . or Enter, or press ? or * to list all spells.
Aiming: Ensorcelled Hibernation (safe; 9% risk of failure)
Press: ? - help, Shift-Dir - straight line, f/p - hobgoblin
Aim: a hobgoblin, wielding a +0 dagger (moderately wounded, chance to affect: 60%)
The hobgoblin resists with significant effort.
The quokka bites you.
* * * LOW HITPOINT WARNING * * *
The hobgoblin hits you with a +0 dagger.
* * * LOW HITPOINT WARNING * * *
Unknown command.
The quokka misses you. The quokka bites you.
* * * LOW HITPOINT WARNING * * *
Your magical contamination has completely faded away.
Casting: Ensorcelled Hibernation (safe; 9% risk of failure)
Confirm with . or Enter, or press ? or * to list all spells.
You don't have enough health to cast this spell.
Unknown command.
Casting: Ensorcelled Hibernation (safe; 9% risk of failure)
Confirm with . or Enter, or press ? or * to list all spells.
You don't have enough health to cast this spell.
An adder comes into view.
Found 15 sling bullets.
Casting: Ensorcelled Hibernation (safe; 9% risk of failure)
Confirm with . or Enter, or press ? or * to list all spells.
Aiming: Ensorcelled Hibernation (safe; 9% risk of failure)
Press: ? - help, Shift-Dir - straight line, f/p - hobgoblin
Aim: a hobgoblin, wielding a +0 dagger (moderately wounded, chance to affect: 60%)
The hobgoblin looks drowsy...
* * * LOW HITPOINT WARNING * * *
The helpless hobgoblin fails to defend itself.
You puncture the hobgoblin!
You kill the hobgoblin!
The quokka closely misses you. The quokka bites you.
You die...

# #( ###.## .S...#
######## #.#.###
#.)....# #.....#
#.####.#
###.....###.# #.#
........r...# #r#
........##### #@#
###.....# #.#
###.##### #.#
#.#...######.#
#.#.#........#
#.#...########
#####..#.##
.....#.#.############
...>.#.#............#


You could see a quokka.

Vanquished Creatures
  A worm (D:2)
  An endoplasm (D:1)
  4 goblins (D:1)
  3 hobgoblins
  2 ball pythons (D:1)
  3 bats (D:1)
  A frilled lizard (D:1)
  4 rats
19 creatures vanquished.

Notes
Turn   | Place    | Note
-------+----------+-------------------------------------------
     0 | D:1      | seba5609 the Djinni Enchanter began the quest for the Orb.
     0 | D:1      | Reached XP level 1. HP: 15/15 MP: 0/0
    61 | D:1      | Found a faded altar of an unknown god.
   361 | D:1      | Reached skill level 1 in Short Blades
   601 | D:1      | Reached XP level 2. HP: 21/21 MP: 0/0
  1327 | D:2      | Slain by a quokka

Illustrated notes

Levels and vault maps discovered:
D:1:      heliophobic_arrival_dark_side_of_the_moon, layout_loops_corners,
          basic_ecumenical_altar
D:2:      layout_loops_ring, uniq_jessica

Skill      XL: |  1 |
---------------+----+-----
Short Blades   | 1 |  1.3
Dodging        | |  2.6
Stealth        | |  2.7
Spellcasting   | |  2.9

Action                   || total
-------------------------++-------
Melee: Dagger            ||    40
 Cast: Corona            ||     5
       Ensorcelled Hiber ||     8
 Stab: Sleeping          ||    13
Armor: Robe              ||     9
Dodge: Dodged            ||    18

Table legend: (Time is in decaauts)
 A = Elapsed time spent in this place.
 B = Non-inter-level travel time spent in this place.
 C = Inter-level travel time spent in this place.
 D = Time resting spent in this place.
 E = Time spent auto-exploring this place.
 F = Levels seen in this place.
 G = Mean time per level.
                   A        B        C        D        E       F      G
               +--------+--------+--------+--------+--------+-----+--------+
         Total |   1324 |   1289 |     35 |      0 |   1124 |   2 |  662.0 |
       Dungeon |   1324 |   1289 |     35 |      0 |   1124 |   2 |  662.0 |
               +--------+--------+--------+--------+--------+-----+--------+

Top non-repeatable levels by time:
     D:1: 1147 daAuts
     D:2: 176 daAuts
